 Dungeon Crawl Stone Soup version 0.21.0-3-g78d12a8 (webtiles) character file.

68 Monsterracer the Covered (level 4, 0/42 HPs)
             Began as a Deep Dwarf Fighter on Jan 12, 2018.
             Slain by a two-headed ogre
             ... wielding a +0 giant spiked club
              (4 damage)
             ... on level 3 of the Dungeon.
             The game lasted 00:01:12 (422 turns).

Monsterracer the Covered (Deep Dwarf Fighter)        Turns: 422, Time: 00:01:13

Health: 0/42       AC:  9    Str: 26    XL:     4   Next: 1%
Magic:  4/4        EV:  6    Int:  8    God:
Gold:   18         SH: 10    Dex: 12    Spells: 3/3 levels left

rFire    . . .     SeeInvis .   a - +0 war axe
rCold    . . .     Gourm    .   c - +0 shield
rNeg     . . .     Faith    .   h - +0 chain mail
rPois    .         Spirit   .   (no helmet)
rElec    .         Reflect  .   (no cloak)
rCorr    .         Harm     .   (no gloves)
MR       .....                  (no boots)
Stlth    ..........             (no amulet)
HPRegen  0.00/turn              (no ring)
MPRegen  0.09/turn              (no ring)

@: mighty, non-regenerating
A: damage resistance, heal wounds, sense surroundings 1, no regeneration
a: Heal Wounds


You were on level 3 of the Dungeon.
You were not hungry.

You visited 1 branch of the dungeon, and saw 3 of its levels.

You collected 18 gold pieces.

Inventory:

Hand Weapons
 a - a +0 war axe (weapon)
 b - a +0 flail
Armour
 c - a +0 shield (worn)
 h - a +0 chain mail (worn)
Wands
 i - a wand of flame (30)
Scrolls
 e - 4 scrolls of identify {unknown}
Potions
 g - a potion of flight {unknown}
 j - 2 potions of heal wounds {unknown}
Books
 k - a book of Minor Magic

   Spells                             Type                      Level
   a - Magic Dart                     Conjuration                  1
   b - Blink                          Translocation                2
   c - Call Imp                       Summoning                    2
   d - Slow                           Hexes                        2
   e - Conjure Flame                  Conjuration/Fire             3
   f - Mephitic Cloud                 Conjuration/Poison/Air       3
Comestibles
 f - a ration


   Skills:
 + Level 3.1 Fighting
 * Level 3.4 Axes
 + Level 3.8 Armour
 + Level 3.8 Shields


You had 3 spell levels left.
You didn't know any spells.

Dungeon Overview and Level Annotations

Branches:
Dungeon (3/15)

Altars:
Wu Jian


Innate Abilities, Weirdness & Mutations

You are resistant to damage.
You can heal yourself by infusing magical energy.
You passively map a small area around you.
You do not regenerate.


Message History

No target in view!
Things that are here:
an uncursed dagger; an uncursed blowgun; 5 poisoned needles No target in view!
You see here a poisoned needle.
You see here a poisoned needle.
You see here a poisoned needle.
Key pressed, stopping explore.
No target in view!
You are no longer poisoned.
k - a book of Minor Magic Key pressed, stopping explore.
No target in view!
No target in view!
A worm comes into view.
Found a stone staircase leading down.
A worm is nearby!
A worm is nearby!
A worm is nearby!
You block the worm's attack.
You hit the worm.
The worm is lightly wounded.
The worm barely misses you.
You slash the worm!
The worm is severely wounded.
You block the worm's attack.
You slash the worm!
You kill the worm!
No target in view!
No target in view!
There is a stone staircase leading down here.
You climb downwards.
You hear the sound of rushing water.
There is an entrance to a sewer on this level.
Hurry and find it before the portal rusts away! 2 goblins, a kobold, an orc and a two-headed ogre come into view.
The orc shouts!
The two-headed ogre shouts in stereo!
The hobgoblin shouts!
The kobold shouts!
You hear a shout! x2
Found four items.
There is a stone staircase leading up here.
There are monsters nearby!
You closely miss the goblin.
The kobold throws a stone.
The stone hits you but does no damage. You block the goblin's attack.
You slash the goblin!
You kill the goblin!
You hit the hobgoblin.
You kill the hobgoblin!
The kobold throws a stone.
You block the stone.
The kobold throws a stone.
You block the stone.
A goblin comes into view. It is wielding a dagger.
You see here a stone.
You feel very mighty all of a sudden.
The kobold throws a stone.
The stone hits you but does no damage.
You slash the two-headed ogre!
The two-headed ogre is lightly wounded.
You slash the orc!
You kill the orc!
The two-headed ogre hits you with a giant spiked club!
The two-headed ogre hits you with a giant club.
You take 13 damage, and have 21/34 hp.
MASSIVE DAMAGE!!
You slash the two-headed ogre!
The two-headed ogre is moderately wounded.
You hit the kobold. The two-headed ogre barely misses you.
The two-headed ogre hits you with a giant club!
The kobold hits you but does no damage.
You take 9 damage, and have 12/34 hp.
MASSIVE DAMAGE!!
You slash the two-headed ogre!
The two-headed ogre is heavily wounded.
You closely miss the kobold. The kobold hits you with a dagger.
You block the two-headed ogre's attack. x2
The goblin hits you but does no damage.
An orc comes into view.
The orc shouts!
You hit the two-headed ogre.
The two-headed ogre is severely wounded.
You hit the goblin.
You kill the goblin!
You slash the kobold!
You kill the kobold!
You have reached level 4!
You feel stronger.
You hear a shout!
You block the two-headed ogre's attack.
The two-headed ogre hits you with a giant club!
* * * LOW HITPOINT WARNING * * *
An orc comes into view. It is wielding a club.
You take 5 damage, and have 7/42 hp.
MP restored: 4 Your shield and chain mail prevent you from hitting the two-headed ogre.
The two-headed ogre is severely wounded.
The orc shouts!
You hear a shout!
The two-headed ogre barely misses you.
The two-headed ogre hits you with a giant club.
* * * LOW HITPOINT WARNING * * *
A goblin and an orc wizard come into view.
You take 3 damage, and have 4/42 hp.
Unknown command.
You barely miss the two-headed ogre.
The two-headed ogre is severely wounded.
The two-headed ogre hits you with a giant spiked club.
You die...

* , ####### ,
####### ...(... ,
....... ....... ,
,
.......##.......
, ,, *
##......)...#.. ,
,*
##......@O....o.,
, ,,
.......<.).....g
, , * **
#...?..)...o...#
.##..........o..
##...........# ,
, .............#
,..#...#?.......
, ,
.###...#........,
.... ...$...


You could see a two-headed ogre, an orc wizard, 2 orcs and a goblin.

Vanquished Creatures
  Terence (D:2)
  An adder (D:2)
  An ooze (D:1)
  A worm (D:2)
  An orc (D:3)
  2 bats (D:1)
  3 hobgoblins
  5 kobolds
  2 frilled lizards (D:1)
  5 goblins
  4 rats (D:1)
26 creatures vanquished.

Notes
Turn   | Place    | Note
-------+----------+-------------------------------------------
     0 | D:1      | Monsterracer the Deep Dwarf Fighter began the quest for the Orb.
     0 | D:1      | Reached XP level 1. HP: 20/20 MP: 1/1
   142 | D:1      | Reached XP level 2. HP: 24/27 MP: 2/2
   270 | D:2      | Reached XP level 3. HP: 26/33 MP: 3/3
   289 | D:2      | Noticed Terence
   303 | D:2      | Killed Terence
   327 | D:2      | Found an ornate altar of the Wu Jian Council.
   411 | D:3      | Noticed a two-headed ogre
   420 | D:3      | Reached XP level 4. HP: 15/42 MP: 4/4
   422 | D:3      | Slain by a two-headed ogre

Skill      XL: |  1  2  3 |
---------------+----------+-----
Axes           | 3 |  3.4
Fighting       | 3 |  3.1
Armour         | |  3.8
Shields        | |  3.8

Action                   |  1- 3 |  4- 6 || total
-------------------------+-------+-------++-------
Melee: War axe           |    81 |     2 ||    83
 Abil: Heal Wounds       |     1 |       ||     1
  Use: Potion            |     1 |       ||     1
Armor: Chain mail        |    42 |       ||    42
       Scale mail        |     1 |       ||     1
Dodge: Dodged            |    13 |     1 ||    14
Block: Shield            |    50 |     1 ||    51

Vault maps used:
D:1:      lemuel_arrival_funnel
D:2:      lemuel_doored_altar, minivault_24, dk_noncrumbling_2, uniq_terence
D:3:      old_standard_altar, xom_butterflies, gup_sewer_entry_glass,
          kennysheep_orc_chapel
